 Dungeon Crawl Stone Soup version 0.30-a0-140-gd1020e658a (webtiles) character file.

Game seed: 3150236200084449038

35100 porpoise the Spear-Bearer (level 13, 0/106 HPs)
             Began as a Demonspawn Delver on Sept 24, 2022.
             Was a High Priest of Fedhas.
             Slain by a death yak (13 damage)
             ... in a Gauntlet on Sept 25, 2022.
             The game lasted 01:06:43 (19619 turns).

porpoise the Spear-Bearer (Demonspawn Delver)      Turns: 19619, Time: 01:06:43

Health: 0/106      AC: 17    Str: 14    XL:     13   Next: 45%
Magic:  20/21      EV: 15    Int: 18    God:    Fedhas [*****.]
Gold:   534        SH: 11    Dex:  9    Spells: 12/12 levels left

rFire   + + +      SeeInvis +    i - +0 trident
rCold   . . .      Faith    .    I - +0 buckler
rNeg    + . .      Spirit   .    O - +1 ring mail of the Realm of Zot {rElec rPois}
rPois   +          Reflect  +    (helmet restricted)
rElec   +          Harm     .    C - +1 cloak {Stlth+}
rCorr   .          Rampage  .    (no gloves)
Will    +++..      NoTele   +    D - +1 pair of boots
Stlth   +++.......               M - amulet of reflection
HPRegen 0.27/turn                c - ring of Untruth {rF+++ EV+4 Int+5 Dex-2}
MPRegen 0.17/turn                d - ring of Activism {rN+ Will+++ Str-2 Dex-4 SInv}

@: mighty
A: horns 2, yellow scales 1, demonic guardian 2, icemail 1, condensation shield
a: Renounce Religion, Wall of Briars, Grow Ballistomycete, Overgrow, Grow Oklob


You were in a Gauntlet.
You worshipped Fedhas.
Fedhas was extremely pleased with you.
You visited 3 branches of the dungeon, and saw 16 of its levels.
You also visited: Sewer and Gauntlet.

You collected 912 gold pieces.
You spent 378 gold pieces at shops.

Inventory:

Hand Weapons
 a - a +0 spear of venom
 b - a +1 sling of flaming
 i - a +0 trident (weapon)
 w - the +7 war axe of Execution {vorpal, rElec rF+ MP+9}
   (You found it on level 5 of the Dungeon)

   It inflicts extra damage upon your enemies.
   rF:        It protects you from fire.
   rElec:     It insulates you from electricity.
   MP:        It affects your magic capacity (+9).
Missiles
 l - 5 atropa-tipped darts
 G - 4 throwing nets
 T - 2 curare-tipped darts
Armour
 A - a +2 plate armour of fire resistance
 C - a +1 cloak of stealth (worn)
 D - a +1 pair of boots (worn)
 I - a +0 buckler (worn)
 O - the +1 ring mail of the Realm of Zot (worn) {rElec rPois}
   (You bought it in a shop on level 7 of the Dungeon)

   rElec:     It insulates you from electricity.
   rPois:     It protects you from poison.
Magical Staves
 J - a staff of death
Jewellery
 c - the ring of Untruth (left hand) {rF+++ EV+4 Int+5 Dex-2}
   (You found it on level 11 of the Dungeon)

   [ring of evasion]

   EV:        It affects your evasion (+4).
   Int:       It affects your intelligence (+5).
   Dex:       It affects your dexterity (-2).
   rF:        It renders you almost immune to fire.
 d - the ring of Activism (right hand) {rN+ Will+++ Str-2 Dex-4 SInv}
   (You acquired it on level 1 of the Lair of Beasts)

   [ring of positive energy]

   Str:       It affects your strength (-2).
   Dex:       It affects your dexterity (-4).
   rN:        It protects you from negative energy.
   SInv:      It lets you see invisible.
   Will:      It greatly increases your willpower.
 M - an amulet of reflection (around neck)
Wands
 g - a wand of digging (2)
 k - a wand of paralysis (15)
 q - a wand of iceblast (16)
 s - a wand of flame (14)
 t - a wand of polymorph (11)
 L - a wand of mindburst (5)
 U - a wand of quicksilver (6)
Scrolls
 e - 2 scrolls of fear
 h - 5 scrolls of teleportation
 j - a scroll of immolation
 o - 2 scrolls of blinking
 u - a scroll of poison
 v - 3 scrolls of vulnerability
 B - 2 scrolls of summoning
 K - a scroll of silence
 Q - a scroll of fog
 R - 2 scrolls of magic mapping
 Z - 3 scrolls of identify
Potions
 f - 2 potions of haste
 m - 4 potions of might
 n - 7 potions of curing
 p - 2 potions of attraction
 r - a potion of lignification
 x - 5 potions of heal wounds
 z - 2 potions of resistance
 E - 3 potions of ambrosia
 F - 2 potions of invisibility
 H - a potion of cancellation
Miscellaneous
 y - a condenser vane


   Skills:
 + Level 11.1 Fighting
 + Level 13.0 Polearms
 - Level 4.8 Throwing
 - Level 5.0 Armour
 - Level 5.0 Dodging
 - Level 6.0 Stealth
 + Level 11.8 Invocations
 - Level 5.0 Evocations


You had 12 spell levels left.
You didn't know any spells.
Your spell library contained the following spells:

 Spells                   Type           Power      Damage    Failure   Level
 Foxfire                  Conj/Fire      0%         2x1d4     50%         1
 Magic Dart               Conj           0%         1d3       50%         1
 Necrotise                Necr           0%         1d4       50%         1
 Slow                     Hex            0%         N/A       50%         1
 Sting                    Tmut/Pois      0%         1d3       50%         1
 Call Imp                 Summ           0%         N/A       65%         2
 Cigotuvi's Dreadful Rot  Necr/Pois/Air  0%         N/A       65%         2
 Poisonous Vapours        Pois/Air       0%         N/A       65%         2
 Confusing Touch          Hex            0%         N/A       86%         3
 Inner Flame              Hex/Fire       0%         N/A       86%         3
 Kindle Blastsparks       Fire/Tloc/Air  0%         2d10      86%         3
 Mephitic Cloud           Conj/Pois/Air  0%         N/A       86%         3
 Stone Arrow              Conj/Erth      0%         3d7       86%         3
 Vampiric Draining        Necr           0%         2d6       86%         3
 Animate Armour           Summ/Erth      0%         N/A       99%         4
 Dispel Undead            Necr           0%         3d6       99%         4
 Flame Wave               Conj/Fire      0%         2d4       99%         4
 Olgreb's Toxic Radiance  Pois           0%         N/A       99%         4
 Agony                    Necr           0%         N/A       100%        5
 Death Channel            Necr           0%         N/A       100%        6
 Lehudib's Crystal Spear  Conj/Erth      0%         10d2      100%        8
 Chain Lightning          Conj/Air       0%         N/A       100%        9
 Fire Storm               Conj/Fire      0%         5d1       100%        9
 Shatter                  Erth           0%         3d5*      100%        9


Dungeon Overview and Level Annotations

Branches:
Dungeon (11/15)            Temple (1/1) D:4            Lair (4/5) D:8
 Shoals (0/4) Lair:3        Snake (0/4) Lair:3        Sewer (visited)
Gauntlet (1/1)
  Slime: Lair:4-5       Orc: D:9-12

Altars:
Ashenzari
Cheibriados
Dithmenos
Fedhas
Gozag
Hepliaklqana
Kikubaaqudgha
Makhleb
Nemelex Xobeh
Okawaru
Qazlal
Ru
Sif Muna
Trog
Uskayaw
Vehumet
Wu Jian
Xom
Yredelemnul

Shops:
D:5 (   D:7 *

Annotations:
D:7 3 runed translucent doors, Splishie's ghost, novice GnWn
Lair:3 1 runed translucent door, SkeletonJelly's ghost, journeyman MiFi Gauntlet 7 transporters, exclusion: obsidian statue


Innate Abilities, Weirdness & Mutations

You have a pair of horns on your head.
You are partially covered in yellow scales. (AC +2)
A demonic guardian rushes to your aid.
A meltable icy envelope protects you from harm. (AC +4)
A meltable shield of frost defends you. (SH +4)


Message History

You block the death yak's attack.
The death yak gores your hellwing but does no damage.
The death yak gores you.
Your hellwing hits the death yak.
Your hellwing hits the death yak but does no damage.
Unknown command.
You feel very mighty all of a sudden. The death yak gores you.
The death yak gores your hellwing!! You block the death yak's attack.
Your hellwing hits the death yak! Your hellwing hits the death yak.
You block the death yak's attack.
The death yak gores you but does no damage.
The death yak gores your hellwing!
Your hellwing hits the death yak!
Your hellwing hits the death yak but does no damage.
You swap places.
You feel yourself speed up.
The death yak is struck by your briar patch's thorns.
The death yak gores your briar patch! The death yak gores you!
The death yak gores your briar patch!
Your hellwing hits the death yak! Your hellwing hits the death yak.
The floating eye turns its gaze towards you.
You puncture the death yak!
The death yak is severely wounded.
The death yak is struck by your briar patch's thorns.
The death yak gores your briar patch!
Your briar patch is destroyed!
Your briar patch disappears in a puff of smoke!
You block the death yak's attack.
Your hellwing hits the death yak.
Your hellwing completely misses the death yak.
You hit the death yak. You headbutt the death yak!
The death yak is almost dead.
The death yak gores you!!
* * * LOW HITPOINT WARNING * * *
A demonic guardian appears!
The death yak gores your ice devil! The death yak barely misses you.
Unknown command.
You hit the death yak.
You kill the death yak!
Fedhas appreciates your contribution to the ecosystem.
The death yak gores you!
You die...
Fedhas appreciates your contribution to the ecosystem.

#. ##≈.#....#..#####..8.8.8###
#.⌠. ##.#©.#©#.##©.©#©8.©.8##©.
#...##..#=.#...##.⌠.#..8.8.8#.⌠
#.⌠.#...#[###.###...#[..8...#.. #
#...#.∩.#.......#.⌠.#..8#8..#.⌠
#.#.©.#...#########...#########..
#.....#.⌠.....#.....⌠.#.........⌠
#.©.#...#########...#########..
#...#.∩.#(|#4Y@4#.⌠.#G....#G#.⌠
#.⌠.#...#."#Y##†#...#G###.#.#..
#...##..###'w##.#.⌠.#G.G###.#.⌠
#.⌠ ##.#©.'...©#©.©#©..©...#©. #.
##≈.###'#########...###.###
#≈≈.#.......#...#[###.#.#..
##≈.#.......#.⌠.#.....#.#.⌠
##.#########...#########..
#≈........................


You could see 2 death yaks, a shining eye, a floating eye, a golden eye, a
friendly hellwing (summoned) and a friendly ice devil (summoned, slow).

Vanquished Creatures
  2 hydras
  Erolcha (D:11)
  2 boulder beetles
  A death knight (D:11)
  2 two-headed ogres
  A death yak (Gauntlet)
  A wizard (Gauntlet)
  A cyclops (D:11)
  A salamander (shapeshifter) (Gauntlet)
  A black mamba (Lair:3)
  9 cane toads
  A gargoyle (D:11)
  3 rime drakes
  A kobold demonologist (D:11)
  A yaktaur (D:11)
  An efreet (D:11)
  7 komodo dragons
  A freezing wraith (D:11)
  3 polar bears
  A hornet (D:9)
  A troll (D:11)
  3 blink frogs (Lair:3)
  4 wyverns
  A shadow (D:10)
  21 yaks
  7 vampire mosquitoes (D:11)
  2 nagas (Lair:3)
  7 water moccasins
  An orc warrior (D:9)
  A hornet zombie (D:7)
  2 sky beasts
  3 centaurs
  3 ogres
  2 wolves (Lair:3)
  5 kobold brigands
  6 bullfrogs
  A necrophage (D:6)
  A scorpion (D:7)
  9 wights
  5 killer bees (D:8)
  6 howler monkeys
  2 vampire bats (D:10)
  An electric eel (Lair:1)
  A centaur zombie (D:7)
  3 hounds
  A jelly (D:6)
  7 orc priests
  A gnoll bouda (D:9)
  Crazy Yiuf (D:4)
  6 iguanas
  5 orc wizards
  6 gnolls
  4 river rats
  2 adders
  A shadow imp (Gauntlet)
  3 white imps
  3 worms
  4 dart slugs
  18 orcs
  6 ball pythons
  4 bats
  3 bat skeletons (D:10)
  3 bat zombies (D:10)
  2 endoplasms (D:1)
  3 giant cockroaches
  9 goblins
  14 hobgoblins
  6 jackals
  2 quokkas
  A frilled lizard (D:1)
  13 kobolds
  12 rats
279 creatures vanquished.

Vanquished Creatures (collateral kills)
  A blink frog (Lair:3)
  3 yaks (Lair:3)
  A worm (D:2)
5 creatures vanquished.

Vanquished Creatures (others)
  10 fungi
  13 plants
23 creatures vanquished.

Grand Total: 307 creatures vanquished

Notes
Turn   | Place    | Note
-------+----------+-------------------------------------------
     0 | D:5      | porpoise the Demonspawn Delver began the quest for the Orb.
     0 | D:5      | Reached XP level 1. HP: 18/18 MP: 1/1
     5 | D:5      | Identified the +7 war axe of Execution {vorpal, rElec rF+
                  | MP+9}
    84 | D:5      | Noticed an iguana
   161 | D:5      | Noticed an ogre
   283 | D:3      | Reached skill level 2 in Polearms
   651 | D:3      | Gained mutation: A meltable shield of frost defends you.
                  | (SH +4) [demonic ancestry]
   651 | D:3      | Reached XP level 2. HP: 24/24 MP: 2/2
  1148 | D:1      | Reached XP level 3. HP: 29/29 MP: 3/3
  1426 | D:1      | Reached skill level 3 in Polearms
  1617 | D:2      | Found a faded altar of an unknown god.
  1985 | D:2      | Gained mutation: A weak demonic guardian rushes to your
                  | aid. [demonic ancestry]
  1985 | D:2      | Reached XP level 4. HP: 27/37 MP: 4/4
  2199 | D:2      | Identified the +4 robe of the Vestibule of Hell {Regen+
                  | Str+5}
  3141 | D:4      | Found a staircase to the Ecumenical Temple.
  3150 | Temple   | Entered the Ecumenical Temple
  3294 | Temple   | Became a worshipper of Fedhas Madash
  3318 | D:4      | Noticed an ogre
  3326 | D:4      | Killed an ogre
  3327 | D:4      | Reached skill level 4 in Polearms
  3327 | D:4      | Reached XP level 5. HP: 42/42 MP: 5/5
  3541 | D:4      | Found a runed translucent door.
  3542 | D:4      | Noticed Crazy Yiuf
  3548 | D:4      | Killed Crazy Yiuf
  4047 | D:5      | Killed an ogre
  4048 | D:5      | Reached skill level 5 in Polearms
  4048 | D:5      | Reached XP level 6. HP: 26/49 MP: 6/6
  4189 | D:5      | Found Weigh's Weapon Boutique.
  4202 | D:5      | Reached skill level 5 in Fighting
  4337 | D:5      | Gained mutation: A meltable icy envelope protects you from
                  | harm. (AC +4) [demonic ancestry]
  4337 | D:5      | Reached XP level 7. HP: 56/56 MP: 7/7
  4698 | D:6      | Reached skill level 6 in Polearms
  4701 | D:6      | Reached * piety under Fedhas
  4765 | D:6      | Found a glowing drain.
  4820 | Sewer    | Entered a sewer
  5344 | D:6      | Reached skill level 7 in Polearms
  5574 | D:6      | Gained mutation: You are partially covered in yellow
                  | scales. (AC +2) [demonic ancestry]
  5574 | D:6      | Reached XP level 8. HP: 62/64 MP: 8/8
  5740 | D:7      | Found Toomeid's Assorted Antiques.
  5748 | D:7      | Bought a runed sling for 126 gold pieces
  5748 | D:7      | Bought a distressingly furry ring mail for 252 gold pieces
  5748 | D:7      | Identified the +1 ring mail of the Realm of Zot {rElec
                  | rPois} (You bought it in a shop on level 7 of the Dungeon)
  6316 | D:7      | Reached ** piety under Fedhas
  6380 | D:7      | Reached skill level 8 in Polearms
  6623 | D:7      | Identified the +1 robe "Pelyafol" {Str+3}
  7009 | D:7      | Reached skill level 1 in Invocations
  7111 | D:7      | Found a runed translucent gate.
  7111 | D:7      | Found a runed translucent gate.
  7111 | D:7      | Found a runed translucent gate.
  7111 | D:7      | Noticed Splishie's ghost (novice GnWn)
  7113 | D:7      | Found a basalt altar of Yredelemnul.
  7120 | D:7      | Reached skill level 1 in Armour
  7359 | D:8      | Found a staircase to the Lair.
  7360 | D:8      | Noticed a komodo dragon
  7375 | D:8      | Killed a komodo dragon
  7376 | D:8      | Gained mutation: You have a pair of small horns on your
                  | head. [demonic ancestry]
  7376 | D:8      | Reached XP level 9. HP: 35/72 MP: 11/11
  7659 | D:8      | Reached skill level 9 in Polearms
  8131 | D:8      | Reached skill level 5 in Invocations
  8706 | D:9      | Noticed a two-headed ogre
  8723 | D:9      | Killed a two-headed ogre
  8732 | D:9      | Reached XP level 10. HP: 18/79 MP: 13/15
  9078 | D:9      | Reached skill level 10 in Polearms
  9106 | D:9      | Reached skill level 5 in Armour
  9106 | D:9      | Reached skill level 1 in Evocations
  9112 | D:9      | Reached *** piety under Fedhas
  9837 | D:10     | Entered Level 10 of the Dungeon
 10126 | D:10     | Found an ancient bone altar of Kikubaaqudgha.
 10206 | D:10     | Found an iron altar of Okawaru.
 10212 | D:10     | Found a hazy altar of Hepliaklqana.
 10298 | D:10     | Found a broken altar of Ashenzari.
 10361 | D:10     | Noticed a two-headed ogre
 10376 | D:10     | Killed a two-headed ogre
 10817 | D:10     | Found a radiant altar of Vehumet.
 11335 | D:11     | Reached **** piety under Fedhas
 11433 | D:11     | Noticed Erolcha
 11445 | D:11     | Killed Erolcha
 11513 | D:11     | Noticed a gargoyle
 11521 | D:11     | Killed a gargoyle
 11692 | D:11     | Reached skill level 11 in Polearms
 11692 | D:11     | Reached skill level 5 in Evocations
 11692 | D:11     | Reached XP level 11. HP: 67/84 MP: 16/16
 11857 | D:11     | Noticed a boulder beetle
 11886 | D:11     | Killed a boulder beetle
 11887 | D:11     | Reached skill level 5 in Dodging
 11961 | D:11     | Identified the ring of Untruth {rF+++ EV+4 Int+5 Dex-2}
 12154 | D:11     | Noticed a death knight
 13294 | D:11     | Killed a death knight
 13402 | Lair:1   | Entered Level 1 of the Lair of Beasts
 13874 | Lair:1   | Noticed a boulder beetle
 13955 | Lair:1   | Killed a boulder beetle
 13956 | Lair:1   | Reached skill level 12 in Polearms
 14420 | Lair:1   | Gained mutation: You have a pair of horns on your head.
                  | [demonic ancestry]
 14420 | Lair:1   | Reached XP level 12. HP: 97/97 MP: 19/19
 14972 | Lair:1   | Reached skill level 10 in Invocations
 15359 | Lair:1   | Reached skill level 10 in Fighting
 15369 | Lair:1   | Identified a scroll of acquirement
 15371 | Lair:1   | Acquired the ring of Activism {rN+ Will+++ Str-2 Dex-4
                  | SInv}
 15949 | Lair:2   | Noticed a six-headed hydra
 15960 | Lair:2   | Gained mutation: A demonic guardian rushes to your aid.
                  | [demonic ancestry]
 15960 | Lair:2   | Reached XP level 13. HP: 103/103 MP: 20/20
 17015 | Lair:3   | Noticed SkeletonJelly's ghost (journeyman MiFi)
 17015 | Lair:3   | Found a runed translucent door.
 17572 | Lair:3   | Found a staircase to the Snake Pit.
 17600 | Lair:3   | Found a staircase to the Shoals.
 17750 | Lair:3   | Identified the +11 trident of the Big Bang {vorpal, *Slow
                  | rCorr Str+7}
 17929 | Lair:3   | Reached ***** piety under Fedhas
 18799 | Lair:3   | Upgraded the game from 0.30-a0-137-gd8773701ce to
                  | 0.30-a0-140-gd1020e658a
 19038 | Lair:4   | Found a gate leading to a gauntlet.
 19066 | Gauntlet | Entered a Gauntlet
 19066 | Gauntlet | Found a transporter.
 19066 | Gauntlet | Found a transporter.
 19099 | Gauntlet | Found a transporter.
 19103 | Gauntlet | Found a transporter.
 19111 | Gauntlet | Found a transporter.
 19115 | Gauntlet | Found a transporter.
 19121 | Gauntlet | Found a runed translucent gate.
 19121 | Gauntlet | Found a runed translucent gate.
 19121 | Gauntlet | Found a runed translucent gate.
 19123 | Gauntlet | Found a transporter.
 19140 | Gauntlet | Found a transporter.
 19154 | Gauntlet | Found a transporter.
 19158 | Gauntlet | Found a transporter.
 19166 | Gauntlet | Found a transporter.
 19170 | Gauntlet | Found a transporter.
 19334 | Gauntlet | Reached skill level 13 in Polearms
 19619 | Gauntlet | Slain by a death yak

Illustrated notes

Levels and vault maps discovered:
D:1:      psy_arrival_dodecagon, layout_basic, minmay_misc_feat_ornament
D:2:      cheibrodos_greedy_goblins, layout_basic,
          hellmonk_ecumenical_altar_blasted, minmay_tall_x
D:3:      layout_basic, grunt_ministairs_12
D:4:      layout_cave_pods, minmay_temple_entry_wispy, uniq_crazy_yiuf_cottage
D:5:      layout_loops_ring, serial_shops, nicolae_shop_bloodbath_and_beyond,
          minivault_14, serial_bayou_lagoon_b
D:6:      layout_loops_cross, portal_sewer_entry_a, minivault_24, st_stairs_4
D:7:      layout_gridville, nicolae_yredelemnul_ghost_church, serial_shops,
          shop_statue, nicolae_titane
D:8:      layout_basic, david_lair_shrubbed, minmay_crystal_room
D:9:      layout_loops_ring
D:10:     layout_roguey, mainiacjoe_overflow_boulevard, lemuel_round_altar,
          minmay_overflow_temple_star_quad, zin_academy,
          kennysheep_vampire_church, serial_rivers,
          chequers_serial_rivers_marsh, chequers_serial_rivers_room_a,
          chequers_serial_rivers_small_3, chequers_serial_rivers_room_b,
          chequers_serial_rivers_large_b
D:11:     layout_loops_corners, minmay_fractal_squares_gapless_7, uniq_erolcha
Temple:   nicolae_temple_superstar
Lair:1:   layout_cave_pods, fungi_pond_lemuel, pond, grunt_megastairs_2
Lair:2:   layout_long_grid
Lair:3:   layout_big_grid, shoals_dummy_entry,
          minmay_snake_entry_guardpost_small, ebering_ghost_funeral_grove,
          minmay_hedge_maze, beast_lair_carwin_4
Lair:4:   layout_gridlike, gauntlet_entry_generic, infiniplex_staircase_pool
Gauntlet: minmay_gauntlet_77_indecision [minmay_gauntlet_arena_77_box,
          minmay_gauntlet_arena_77_squiggly,
          minmay_gauntlet_arena_77_terracotta_army,
          minmay_gauntlet_arena_77_mirror,
          minmay_gauntlet_arena_77_broken_ladder,
          minmay_gauntlet_arena_77_run_for_it,
          dreamdust_gauntlet_exit_labyrinth]

Skill      XL: |  1  2  3  4  5  6  7  8  9 10 11 12 13 |
---------------+----------------------------------------+-----
Polearms       | 2 3 4 5 7 8 9 11 12 13 | 13.0
Fighting       | 4 5 6 7 9 10 11 | 11.1
Invocations    | 3 6 7 9 10 11 | 11.8
Armour         | 2 4 5 |  5.0
Evocations     | 5 |  5.0
Dodging        | 4 5 |  5.0
Throwing       | 4 |  4.8
Stealth        | 6 |  6.0

Action                   |  1- 3 |  4- 6 |  7- 9 | 10-12 | 13-15 || total
-------------------------+-------+-------+-------+-------+-------++-------
Melee: War axe           |    17 |       |    49 |   123 |   129 ||   318
       Spear             |    67 |   118 |   323 |   483 |    88 ||  1079
       Punch             |     1 |     1 |     6 |    10 |       ||    18
       Headbutt          |       |       |    35 |   134 |    80 ||   249
       Trident           |       |       |       |       |   110 ||   110
 Fire: Sling             |       |       |    21 |    17 |     4 ||    42
Throw: Dart              |       |       |     3 |     3 |       ||     6
Invok: Wall of Briars    |       |       |       |     1 |     3 ||     4
       Grow Ballistomyce |       |       |       |     1 |       ||     1
Evoke: Wand              |       |     2 |       |     3 |     1 ||     6
  Use: Scroll            |     4 |     3 |     9 |    13 |     2 ||    31
       Potion            |       |       |     1 |     1 |     1 ||     3
 Stab: Sleeping          |    14 |     8 |    10 |     8 |     4 ||    44
       Distracted        |       |       |       |     1 |     1 ||     2
Armor: Leather armour    |     3 |       |       |       |       ||     3
       Ring mail         |     7 |       |    72 |   127 |    78 ||   284
       Robe              |       |    15 |    28 |       |       ||    43
Dodge: Dodged            |    19 |    39 |    85 |   165 |   154 ||   462
Block: Other             |     5 |     4 |    80 |   119 |       ||   208
       Reflection        |       |       |     3 |     5 |     1 ||     9
       Buckler           |       |       |       |    30 |   146 ||   176

Table legend: (Time is in decaauts)
 A = Elapsed time spent in this place.
 B = Non-inter-level travel time spent in this place.
 C = Inter-level travel time spent in this place.
 D = Time resting spent in this place.
 E = Time spent auto-exploring this place.
 F = Levels seen in this place.
 G = Mean time per level.
                   A        B        C        D        E       F      G
               +--------+--------+--------+--------+--------+-----+--------+
         Total |  19428 |  18809 |    619 |   6108 |   9183 |  18 | 1079.3 |
       Dungeon |  13011 |  12571 |    440 |   3467 |   6845 |  11 | 1182.8 |
        Temple |    151 |    144 |      7 |      0 |    100 |   1 |  151.0 |
          Lair |   5446 |   5274 |    172 |   2318 |   2121 |   4 | 1361.5 |
         Sewer |    279 |    279 |      0 |    110 |      0 |   1 |  279.0 |
      Gauntlet |    540 |    540 |      0 |    213 |    116 |   1 |  540.0 |
               +--------+--------+--------+--------+--------+-----+--------+

Top non-repeatable levels by time:
  Lair:1: 2313 daAuts
    D:11: 2078 daAuts
  Lair:3: 1980 daAuts
     D:7: 1569 daAuts
    D:10: 1503 daAuts
     D:8: 1405 daAuts
     D:2: 1233 daAuts
     D:9: 1132 daAuts
  Lair:2: 1101 daAuts
     D:4: 918 daAuts
     D:3: 847 daAuts
     D:5: 807 daAuts
     D:6: 800 daAuts
     D:1: 715 daAuts
Gauntlet: 540 daAuts
